 Dungeon Crawl Stone Soup version 0.31.0-1-g2c135a008e (webtiles) character file.

Game seed: 13843200575834033996

50451 12345 the Severer (level 14, 0/136 (138) HPs)
             Began as a Hill Orc Berserker on Jan 20, 2024.
             Was a High Priest of Trog.
             Slain by an ufetubus (1 damage)
             ... summoned by a ynoxinul
             ... on level 5 of the Lair of Beasts.
             The game lasted 00:51:22 (20092 turns).

12345 the Severer (Hill Orc Berserker)             Turns: 20092, Time: 00:51:22

HP:   0/136 (138)   AC: 28    Str: 21    XL:     14   Next: 55%
MP:   14/14         EV:  9    Int:  7    God:    Trog [*****.]
Gold: 1380          SH:  0    Dex: 14    Spells: 13/13 levels left

rFire   . . .        a - +0 battleaxe (flame)
rCold   . . .        (shield currently unavailable)
rNeg    + . .        A - +6 plate armour "Ynompix" {Will+++}
rPois   .            k - +0 helmet {SInv}
rElec   .            O - +0 cloak
rCorr   .            (no gloves)
SInv    +            s - +1 pair of boots
Will    ++++.        (no amulet) Stlth
                     C - ring of positive energy
HPRegen 0.42/turn    B - ring of flight
MPRegen 0.14/turn

%: no passive effects
@: fragile (+50% incoming damage), flying, lightly drained
A: no striking features
a: Renounce Religion, Berserk, Trog's Hand, Brothers in Arms


You were on level 5 of the Lair of Beasts.
You worshipped Trog.
Trog was extremely pleased with you.
You visited 3 branches of the dungeon, and saw 17 of its levels.
You also visited: Bailey and Volcano.

You collected 1380 gold pieces.

Inventory:

Hand Weapons
 a - a +0 battleaxe of flaming (weapon)
 b - a +0 war axe of freezing
 R - a +1 mace of venom
Missiles
 w - 3 atropa-tipped darts
 F - 46 poisoned darts (quivered)
 H - 10 boomerangs
 M - a curare-tipped dart
 T - 4 throwing nets
Armour
 k - a +0 helmet of see invisible (worn)
 n - a +2 ring mail of poison resistance
 q - a +3 chain mail of fire resistance
 s - a +1 pair of boots (worn)
 u - a +3 scale mail of cold resistance
 A - the +6 plate armour "Ynompix" (worn) {Will+++}
   (You found it in a bailey)

   Will+++:   It greatly increases your willpower.
 O - a +0 cloak (worn)
 V - a +0 crystal plate armour
Jewellery
 B - a ring of flight (right hand)
 C - a ring of positive energy (left hand)
 Q - a ring of fire
Wands
 r - a wand of charming (22)
 D - a wand of roots (11)
 I - a wand of quicksilver (9)
 P - a wand of polymorph (8)
Scrolls
 c - 2 scrolls of brand weapon
 d - 2 scrolls of noise {unknown}
 f - 3 scrolls of fog
 g - 4 scrolls of fear
 i - 5 scrolls of teleportation
 m - 4 scrolls of vulnerability
 p - 2 scrolls of enchant armour {unknown}
 x - 2 scrolls of poison
 y - a scroll of blinking
 G - 2 scrolls of enchant weapon {unknown}
 J - 2 scrolls of amnesia {unknown}
 S - a scroll of immolation {unknown}
 U - a scroll of torment {unknown}
 X - a scroll of revelation
Potions
 e - 3 potions of invisibility
 j - 7 potions of curing
 l - 6 potions of heal wounds
 o - a potion of lignification
 t - a potion of resistance
 v - 2 potions of enlightenment
 z - a potion of cancellation {unknown}
 E - 4 potions of haste
 K - 2 potions of magic
 L - 2 potions of attraction
 N - 2 potions of might {unknown}
 W - a potion of mutation


   Skills:
 * Level 16.9 Fighting
 * Level 18.2 Axes
 + Level 5.2 Throwing
 * Level 14.1 Armour
 + Level 5.6 Dodging
 - Level 2.0 Evocations


You had 13 spell levels left.
You didn't know any spells.
Your spell library was empty.

Dungeon Overview and Level Annotations

Branches:
Dungeon (11/15)            Temple (1/1) D:7            Lair (5/5) D:9
  Swamp (0/4) Lair:2        Snake (0/4) Lair:3       Bailey (visited)
Volcano (visited)
  Slime: Lair:4-5       Orc: D:9-12

Altars:
Ashenzari
Cheibriados
Dithmenos
Elyvilon
Fedhas
Gozag
Hepliaklqana
Kikubaaqudgha
Makhleb
Nemelex Xobeh
Okawaru
Qazlal
Ru
Sif Muna
Trog
Uskayaw
Vehumet
Wu Jian
Xom
Yredelemnul
Zin
The Shining One

Shops:
D:2 [

Annotations:
D:3 2 transporters, HourglassMan's ghost, weakling DsIE
D:5 1 runed translucent door, chipmonk's ghost, novice MfBe
Lair:1 2 transporters, GreatBamboolord's ghost, journeyman DsAl


Message History

You hit the smoke demon but do no damage.
The ynoxinul gestures at you. The iron shot misses you.
The smoke demon hits you but does no damage. x3
Unknown command.
Unknown command.
You closely miss the ynoxinul.
The ynoxinul is almost dead.
You hit the smoke demon.
The ynoxinul hits you but does no damage.
The smoke demon gestures at you. Something smites you!
* * * LOW HITPOINT WARNING * * *
Unknown command.
You closely miss the ynoxinul.
The ynoxinul is almost dead.
You barely miss the smoke demon. You slash the ufetubus! You burn the ufetubus.
You kill the ufetubus!
The ufetubus disappears in a puff of smoke!
Unknown command.
Unknown command.
You completely miss the ynoxinul.
The ynoxinul is almost dead.
You completely miss the smoke demon. The ynoxinul barely misses you.
The smoke demon gestures at you. Something smites you!
* * * LOW HITPOINT WARNING * * *
Unknown command.
Unknown command.
You feel much better.
The ufetubus hits you but does no damage.
The ufetubus closely misses you. The ynoxinul gestures at you.
The iron shot hits you!
* * * LOW HITPOINT WARNING * * *
The smoke demon gestures at you. The ball of steam hits you!
* * * LOW HITPOINT WARNING * * *
The ufetubus barely misses you. The ufetubus hits you.
You die...

♣♣♣♣♣♣♣♣♣♣♣
♣♣♣♣[....♣♣5§♣♣♣♣
♣♣♣♣...."♣♣§§@3F...♣♣♣
♣♣...).".♣♣♣♣♣♣3......♣
♣♣......♣♣♣ ♣♣..♣♣♣♣♣
♣♣.......♣ .♣♣
.^....♣♣...♣ ..
...♣♣♣♣♣♣.... ♣.. .♣♣♣
♣♣♣.♣ ♣.. ♣♣ ♣ ♣.♣ ♣♣
♣♣


You could see a smoke demon, a blink frog, a ynoxinul and an ufetubus
(summoned).

Vanquished Creatures
  A red draconian (Volcano)
  Snorg (D:10)
  3 hydras
  Erolcha (D:9)
  Erica (D:10)
  Harold (D:11)
  A centaur warrior (Volcano)
  A two-headed ogre (D:9)
  A boulder beetle (D:9)
  8 death yaks
  Amaemon (Lair:2)
  A skyshark (Lair:3)
  2 spriggan druids (Lair:2)
  An orc knight (Bailey)
  A cyclops (D:11)
  A salamander (Lair:3)
  An oklob plant (Lair:4)
  An ugly thing (Lair:5)
  Joseph (D:8)
  An orange demon (Lair:2)
  A smoke demon (Lair:5)
  A torpor snail (Lair:4)
  10 cane toads
  2 molten gargoyles (Volcano)
  A black mamba (shapeshifter) (Lair:5)
  4 black mambas
  Jeremiah (D:7)
  3 kobold demonologists (D:9)
  4 rime drakes
  4 komodo dragons
  A yaktaur (Volcano)
  2 trolls (D:10)
  5 polar bears
  Prince Ribbit (D:7)
  25 blink frogs
  A shadow (D:9)
  A spriggan (Lair:5)
  4 slime creatures (D:11)
  A wraith (D:7)
  56 yaks
  A golden eye (shapeshifter) (Lair:5)
  2 wyverns
  A human (shapeshifter) (Lair:5)
  5 basilisks
  2 steam dragons
  12 small abominations (Lair:5)
  A chaos spawn (Lair:5)
  3 nagas (Lair:3)
  14 water moccasins
  A sky beast (D:7)
  4 black bears
  11 orc warriors
  5 centaurs
  7 wolves
  5 kobold brigands
  A weeping skull (D:8)
  15 bullfrogs
  6 necrophages (D:4)
  A scorpion (D:7)
  A water moccasin zombie (D:4)
  5 howler monkeys
  4 bombardier beetles
  3 hounds
  6 jellies
  3 orc priests
  A gnoll bouda (D:5)
  3 iguanas
  7 orc wizards
  9 hell rats
  11 gnolls
  9 adders
  A shadow imp (D:8)
  2 white imps
  An adder zombie (D:4)
  3 dart slugs
  4 ribbon worms
  65 orcs
  6 bats
  6 endoplasms
  3 giant cockroaches
  10 goblins
  12 hobgoblins
  2 jackals (D:1)
  A quokka (D:4)
  8 ball pythons
  2 frilled lizards
  34 kobolds
  3 rats
  A spectral orc (D:8)
  A butterfly (Lair:1)
482 creatures vanquished.

Vanquished Creatures (others)
  A kobold (D:8)
1 creature vanquished.

Grand Total: 483 creatures vanquished

Notes
Turn   | Place    | Note
-------+----------+-------------------------------------------
     0 | D:1      | 12345 the Hill Orc Berserker began the quest for the Orb.
     0 | D:1      | Reached XP level 1. HP: 19/19 MP: 1/1
   111 | D:1      | Reached XP level 2. HP: 9/27 MP: 2/2
   392 | D:1      | Reached XP level 3. HP: 20/33 MP: 3/3
   765 | D:2      | Reached ** piety under Trog
   789 | D:2      | You fall into a shaft and drop 1 floor!
  1069 | D:3      | Found a transporter.
  1197 | D:2      | Reached skill level 5 in Axes
  1397 | D:2      | Reached XP level 4. HP: 41/41 MP: 4/4
  1858 | D:2      | Found Muoblafu's Armour Shoppe.
  1978 | D:3      | Reached skill level 5 in Fighting
  2067 | D:3      | Found a transporter.
  2069 | D:3      | Noticed HourglassMan's ghost (weakling DsIE)
  2070 | D:3      | Noticed a small abomination
  2114 | D:3      | Reached XP level 5. HP: 40/48 MP: 5/5
  2205 | D:3      | Noticed an ancient zyme
  2255 | D:3      | Found a faded altar of an unknown god.
  2481 | D:4      | Reached skill level 6 in Axes
  2593 | D:4      | Reached XP level 6. HP: 43/57 MP: 6/6
  3288 | D:4      | Found a blossoming altar of Fedhas.
  3372 | D:4      | Reached skill level 7 in Axes
  3372 | D:4      | Reached XP level 7. HP: 64/64 MP: 7/7
  3622 | D:4      | Reached skill level 8 in Axes
  3880 | D:4      | Found a blossoming altar of Fedhas.
  4026 | D:5      | Entered Level 5 of the Dungeon
  4268 | D:5      | Reached XP level 8. HP: 61/73 MP: 8/8
  4642 | D:5      | Found a runed translucent door.
  4645 | D:5      | Noticed chipmonk's ghost (novice MfBe)
  4935 | D:5      | Found a glowing golden altar of the Shining One.
  4980 | D:5      | Reached *** piety under Trog
  5155 | D:6      | Found an opulent altar of Gozag.
  5282 | D:6      | Reached skill level 5 in Armour
  5303 | D:6      | Reached skill level 9 in Axes
  5896 | D:7      | Noticed Jeremiah
  5953 | D:7      | Found a flagged portal.
  5984 | Bailey   | Entered a bailey
  6289 | Bailey   | Noticed an orc knight
  6306 | Bailey   | Reached skill level 10 in Axes
  6306 | Bailey   | Reached XP level 9. HP: 62/83 MP: 9/9
  6860 | Bailey   | Identified the +6 plate armour "Ynompix" {Will+++}
  7274 | Bailey   | Killed an orc knight
  7275 | Bailey   | Reached skill level 10 in Fighting
  7275 | Bailey   | Reached skill level 11 in Axes
  7428 | D:7      | Noticed Prince Ribbit
  7448 | D:7      | Killed Prince Ribbit
  7527 | D:7      | Found a staircase to the Ecumenical Temple.
  7546 | Temple   | Entered the Ecumenical Temple
  7788 | D:7      | Found a snail-covered altar of Cheibriados.
  7788 | D:7      | Found a shimmering altar of Xom.
  7915 | D:7      | Reached XP level 10. HP: 94/94 MP: 10/10
  7983 | D:7      | Killed Jeremiah
  7984 | D:7      | Reached skill level 12 in Axes
  7984 | D:7      | Reached skill level 1 in Evocations
  8189 | D:8      | Reached **** piety under Trog
  8189 | D:8      | Noticed Joseph
  8498 | D:8      | Killed Joseph
  8712 | D:8      | Found a stormy altar of Qazlal.
  9056 | D:8      | Found a basalt altar of Yredelemnul.
  9124 | D:9      | Noticed Erolcha
  9132 | D:9      | Killed Erolcha
  9133 | D:9      | Reached skill level 13 in Axes
  9277 | D:9      | Noticed a two-headed ogre
  9312 | D:9      | Killed a two-headed ogre
  9313 | D:9      | Reached XP level 11. HP: 105/105 MP: 11/11
  9607 | D:9      | Found a staircase to the Lair.
  9657 | D:9      | Noticed a soul eater
  9846 | D:9      | Noticed a boulder beetle
  9871 | D:9      | Killed a boulder beetle
 10087 | D:9      | Identified the maw talisman of Abstinence {rElec Will+}
 10568 | D:10     | Entered Level 10 of the Dungeon
 10713 | D:10     | Reached skill level 14 in Axes
 11060 | D:10     | Reached skill level 10 in Armour
 11267 | D:10     | Found an ancient bone altar of Kikubaaqudgha.
 11699 | D:10     | Noticed Erica
 11724 | D:10     | Killed Erica
 12394 | D:11     | Noticed Snorg
 12410 | D:10     | Killed Snorg
 12411 | D:10     | Reached XP level 12. HP: 92/116 MP: 12/12
 12856 | D:11     | Reached skill level 15 in Axes
 12988 | D:11     | Noticed Harold
 13003 | D:11     | Killed Harold
 13208 | Lair:1   | Entered Level 1 of the Lair of Beasts
 13218 | Lair:1   | Reached ***** piety under Trog
 13673 | Lair:1   | Found a transporter.
 13688 | Lair:1   | Noticed a death yak
 13753 | Lair:1   | Noticed GreatBamboolord's ghost (journeyman DsAl)
 13826 | Lair:1   | Reached skill level 1 in Throwing
 13948 | Lair:1   | Found a transporter.
 14079 | Lair:1   | Identified the +5 leather armour of Infinity {rElec rPois
                  | rCorr Int-2}
 14277 | Lair:2   | Noticed a death yak
 14277 | Lair:2   | Noticed a death yak
 14282 | Lair:2   | Noticed a death yak
 14286 | Lair:2   | Noticed a death yak
 14297 | Lair:1   | Killed a death yak
 14390 | Lair:1   | Killed a death yak
 14397 | Lair:1   | Killed a death yak
 14529 | Lair:2   | Killed a death yak
 14740 | Lair:2   | Noticed Amaemon
 14761 | Lair:2   | Killed Amaemon
 14766 | Lair:2   | Reached skill level 16 in Axes
 14792 | Lair:2   | Found a dark tunnel.
 14812 | Volcano  | Entered a volcano
 14937 | Volcano  | Found a radiant altar of Vehumet.
 14937 | Volcano  | Noticed a centaur warrior
 14949 | Volcano  | Killed a centaur warrior
 14950 | Volcano  | Reached XP level 13. HP: 125/125 MP: 13/13
 15035 | Volcano  | Noticed a red draconian
 15047 | Volcano  | Killed a red draconian
 15048 | Volcano  | Reached skill level 15 in Fighting
 15109 | Volcano  | Reached skill level 5 in Dodging
 16162 | Lair:2   | Found a staircase to the Swamp.
 16660 | Lair:3   | Found a staircase to the Snake Pit.
 16790 | Lair:3   | Received a gift from Trog
 16845 | Lair:3   | Reached skill level 17 in Axes
 17666 | Lair:4   | Identified the +3 chain mail of Xuguh {*Corrode Will+
                  | Int+2}
 17747 | Lair:4   | Reached XP level 14. HP: 133/137 MP: 14/14
 18591 | Lair:5   | Entered Level 5 of the Lair of Beasts
 19301 | Lair:5   | Reached skill level 5 in Throwing
 19372 | Lair:5   | Reached skill level 18 in Axes
 20091 | Lair:5   | HP: 4/136 [smoke demon/divine providence (10)]
 20092 | Lair:5   | HP: 1/136 [smoke demon/ball of steam (16)]
 20092 | Lair:5   | Slain by an ufetubus

Illustrated notes

Levels and vault maps discovered:
D:1:      onia_arrival_mini_maze, layout_loops_ring
D:2:      layout_loops_cross, serial_shops, shop, grunt_decor_resistance,
          kennysheep_small_spiral
D:3:      layout_rooms, shapermc_ecumenical_altar_mp_vishouse,
          gammafunk_ghost_abyssal_escape, hangedman_decor_peaks_small
D:4:      layout_rooms, fedhas_altar_decomposition
D:5:      layout_gridville, mainiacjoe_overflow_24_doors, ebering_ghost_sewer_d
D:6:      layout_loops_ring, grunt_gozag_statues
D:7:      layout_rooms, gammafunk_temple_overflow_elements,
          minmay_temple_entry_wispy, enter_bailey_5, serial_curves,
          eino_curves_04, eino_curves_01, minivault_19, uniq_prince_ribbit1,
          uniq_jeremiah
D:8:      layout_cave_pools, yredelemnul_forgotten_temple_becter,
          mainiacjoe_overflow_brackets, uniq_joseph
D:9:      layout_long_grid, lair_entry_dummy, uniq_erolcha
D:10:     layout_stronghold, mainiacjoe_overflow_tiny_flanked, uniq_erica
D:11:     layout_rooms, uniq_snorg, uniq_harold
Temple:   eino_temple_lava
Lair:1:   layout_cave_pods, nzn_ghost_randoct, lemuel_fruit_fields
Lair:2:   layout_regular_city, mainiacjoe_swamp_entry_angry_trees,
          lightli_volcano_entry_magma_tube, infiniplex_staircase_pool_2,
          uniq_amaemon
Lair:3:   layout_gridlike, alex1729_snake_entry_snake
Lair:4:   layout_layer_cave, grunt_megastairs_1
Lair:5:   hellmonk_lair_end_abyssal_woods, layout_gridlike,
          nicolae_slime_entry_field_trip, chequers_serial_rivers_micro_c

Skill      XL: |  1  2  3  4  5  6  7  8  9 10 11 12 13 14 |
---------------+-------------------------------------------+-----
Fighting       | 4 5 6 7 9 10 12 13 14 16 | 16.9
Axes           | 5 6 7 8 10 11 13 14 16 17 18 | 18.2
Armour         | 3 4 5 7 9 10 12 13 14 | 14.1
Evocations     | 2 |  2.0
Dodging        | 2 3 4 5 |  5.6
Throwing       | 2 4 5 |  5.2

Action                     |  1- 3 |  4- 6 |  7- 9 | 10-12 | 13-15 || total
---------------------------+-------+-------+-------+-------+-------++-------
  Melee: Hand axe          |   141 |   190 |   139 |       |       ||   470
         Punch             |     1 |     2 |     3 |    10 |     4 ||    20
         War axe           |       |       |   241 |   555 |   214 ||  1010
         Battleaxe         |       |       |       |       |   364 ||   364
  Throw: Dart              |       |       |       |     3 |       ||     3
         Boomerang         |       |       |       |     1 |       ||     1
 Invoke: Berserk           |     3 |     5 |    10 |    21 |     4 ||    43
  Evoke: Wand              |       |       |       |       |     3 ||     3
    Use: Scroll            |       |     2 |     5 |    10 |     4 ||    21
         Potion            |       |       |       |     1 |     1 ||     2
   Stab: Sleeping          |     2 |       |       |       |       ||     2
 Armour: Animal skin       |    82 |    39 |       |       |       ||   121
         Ring mail         |       |    87 |    77 |       |       ||   164
         Scale mail        |       |       |   157 |    33 |    20 ||   210
         Plate armour      |       |       |    90 |   544 |   444 ||  1078
         Chain mail        |       |       |       |       |     4 ||     4
  Dodge: Dodged            |    84 |    88 |   204 |   225 |   233 ||   834
